 Dungeon Crawl Stone Soup version 0.26-a0-652-gafc20e3620 (webtiles) character file.

Game seed: 12555475470446474069

250 looop the Conjurer (level 6, 0/36 HPs)
             Began as an Octopode Conjurer on Oct 3, 2020.
             Succumbed to an orc's poison
             ... on level 4 of the Dungeon.
             The game lasted 00:05:01 (4138 turns).

looop the Conjurer (Octopode Conjurer)              Turns: 4138, Time: 00:05:02

Health: 0/36       AC:  1    Str: 11 (12) XL:     6   Next: 13%
Magic:  0/11       EV: 13    Int: 22 (23) God:
Gold:   436        SH:  0    Dex:  9 (10) Spells: 5/12 levels left

rFire    . . .     SeeInvis .   c - +2 dagger (speed)
rCold    . . .     Faith    .   (no shield)
rNeg     . . .     Spirit   .   (helmet restricted)
rPois    .         Reflect  .   (no amulet)
rElec    .         Harm     .   b - +6 ring of strength
rCorr    .         Rampage  .   (no ring)
MR       .....                  (no ring)
Stlth    +++.......             (no ring)
HPRegen  0.12/turn              (no ring)
MPRegen  0.12/turn              (no ring)
                                (no ring)
                                (no ring)

@: lethally poisoned (0 -> -13), hasted, very quick
A: almost no armour, stealthy swim, amphibious, 8 rings, constrict 8, camouflage
1, gelatinous body 1
a: no special abilities


You were on level 4 of the Dungeon.
You visited 1 branch of the dungeon, and saw 4 of its levels.
You also visited: Ossuary.

You collected 436 gold pieces.

Inventory:

Hand Weapons
 c - a +2 dagger of speed (weapon)
Jewellery
 b - a +6 ring of strength (left tentacle)
 f - an uncursed ring of poison resistance {unknown}
Scrolls
 a - 3 scrolls of magic mapping {unknown}
 g - 3 scrolls of identify {unknown}
 i - 2 scrolls of teleportation {unknown}
 j - 2 scrolls of remove curse {unknown}
 k - a scroll of blinking {unknown}
Potions
 e - a potion of haste


   Skills:
 - Level 2.0 Dodging
 - Level 2.6 Stealth
 + Level 3.6 Spellcasting
 * Level 6.3 Conjurations


You had 5 spell levels left.
You knew the following spells:

 Your Spells              Type           Power        Failure   Level
a - Magic Dart            Conj           ####         1%          1
b - Searing Ray           Conj           ####..       1%          2
c - Iskenderun's Mystic   Conj/Tloc      ###.....     32%         4

Your spell library contained the following spells:

 Spells                   Type           Power        Failure   Level
 Dazzling Flash           Conj/Hex       ###...       10%         3
 Fulminant Prism          Conj/Hex       ###.......   32%         4


Dungeon Overview and Level Annotations

Branches:
Dungeon (4/15)            Ossuary (visited)
 Temple: D:4-7

Altars:
Elyvilon


Innate Abilities, Weirdness & Mutations

You cannot wear most types of armour.
You are very stealthy in the water. (Stealth+)
You are amphibious.
You can wear up to eight rings at the same time.
You can use your tentacles to constrict eight enemies at once.
Your skin changes colour to match your surroundings (Stealth+).
Your rubbery body absorbs attacks. (AC +1, EV +1)


Message History

* * * LOW HITPOINT WARNING * * *
You feel sick.
It was a potion of degeneration.
There was something very wrong with that liquid.
You feel weakened.
You feel dopey.
You feel clumsy.
* * * LOW HITPOINT WARNING * * *
You feel sick.
* * * LOW HITPOINT WARNING * * *
You feel sick.
Items here: ) [[ †.
Okay, then.
* * * LOW HITPOINT WARNING * * *
You feel sick.
Things that are here:
a +0 club; a +0 ring mail Unknown command.
Okay, then.
As you read the scroll labeled JUGOQIXK YBYOZ, it crumbles to dust.
The scroll dissolves into smoke.
It was a scroll of fog.
You die...

#.#..# .....# ###....#
......# #.....#
#!####.....#
#....§§§...#
#.####§#...#>#
#@#...#.# #§#...#.#
#§#...#.# #.#...#.#
#.####.#...#.######
#......#...#....... .
#...................#
..........#(########.#
##.######.#.# ####.#


There were no monsters in sight!

Vanquished Creatures
  2 human zombies (Ossuary)
  A big kobold zombie (Ossuary)
  2 mummies (Ossuary)
  4 adders
  2 white imps (D:3)
  2 oozes
  A worm (D:2)
  2 dart slugs
  A leopard gecko (D:3)
  5 orcs
  3 giant cockroaches
  4 gnoll zombies (Ossuary)
  5 goblins
  7 hobgoblins
  2 jackals (D:2)
  3 quokkas
  A ball python (D:2)
  7 bats
  7 frilled lizards
  2 goblin zombies (Ossuary)
  A hobgoblin zombie (Ossuary)
  9 kobolds
  4 orc zombies (Ossuary)
  9 rats
86 creatures vanquished.

Notes
Turn   | Place    | Note
-------+----------+-------------------------------------------
     0 | D:1      | looop the Octopode Conjurer began the quest for the Orb.
     0 | D:1      | Reached XP level 1. HP: 11/11 MP: 3/3
   355 | D:1      | Reached XP level 2. HP: 17/17 MP: 3/5
   359 | D:1      | Learned a level 2 spell: Searing Ray
   961 | D:1      | Reached XP level 3. HP: 21/21 MP: 3/6
  1544 | D:2      | Reached skill level 5 in Conjurations
  1717 | D:2      | Reached XP level 4. HP: 27/27 MP: 5/8
  2523 | D:3      | Found a white marble altar of Elyvilon.
  2730 | D:3      | Learned a level 4 spell: Iskenderun's Mystic Blast
  2963 | D:3      | Reached XP level 5. HP: 31/31 MP: 5/9
  3401 | D:4      | Found a sand-covered staircase.
  3407 | Ossuary  | Entered an ossuary
  3681 | Ossuary  | Reached skill level 6 in Conjurations
  3864 | Ossuary  | Reached XP level 6. HP: 36/36 MP: 3/11
  4135 | D:4      | HP: 1/36 [poisoned by an orc]
  4138 | D:4      | Succumbed to an orc's poison

Illustrated notes

Levels and vault maps discovered:
D:1:      minmay_arrival_four_circles, layout_basic, minmay_strange_pillars,
          minmay_split_cup_small
D:2:      layout_basic
D:3:      layout_basic, nicolae_overflow_crystal_walls
D:4:      layout_basic, grunt_temple_overflow_gold_and_silver, enter_ossuary_1

Skill      XL: |  1  2  3  4  5 |
---------------+----------------+-----
Conjurations   | 5 6 |  6.3
Spellcasting   | 3 |  3.6
Dodging        | |  2.0
Stealth        | |  2.6

Action                   |  1- 3 |  4- 6 || total
-------------------------+-------+-------++-------
Melee: Dagger            |    55 |    74 ||   129
       Unarmed           |     3 |       ||     3
       Constrict         |    11 |    17 ||    28
       Tentacles         |     7 |    13 ||    20
 Cast: Magic Dart        |    17 |    32 ||    49
       Searing Ray       |     3 |    10 ||    13
       Iskenderun's Myst |       |     1 ||     1
  Use: Potion            |       |     2 ||     2
       Scroll            |       |     1 ||     1
 Stab: Sleeping          |     4 |     5 ||     9
Armor: Skin              |     4 |     2 ||     6
Dodge: Dodged            |    32 |    21 ||    53

Table legend: (Time is in decaauts)
 A = Elapsed time spent in this place.
 B = Non-inter-level travel time spent in this place.
 C = Inter-level travel time spent in this place.
 D = Time resting spent in this place.
 E = Time spent auto-exploring this place.
 F = Levels seen in this place.
 G = Mean time per level.
                   A        B        C        D        E       F      G
               +--------+--------+--------+--------+--------+-----+--------+
         Total |   4092 |   4002 |     90 |    538 |   2899 |   5 |  818.4 |
       Dungeon |   3417 |   3327 |     90 |    283 |   2648 |   4 |  854.2 |
       Ossuary |    675 |    675 |      0 |    255 |    251 |   1 |  675.0 |
               +--------+--------+--------+--------+--------+-----+--------+

Top non-repeatable levels by time:
     D:1: 1142 daAuts
     D:2: 1101 daAuts
     D:3: 1100 daAuts
 Ossuary: 675 daAuts
     D:4: 72 daAuts
